AoeStats
← Green Assassin

African Clearing

503823748Analyzed
4v4 RM · 29d ago on Sep 2, 2026· 23m 1s· 8 players
Game mode
Random Map
Map size
Large (8 player)
Population
200
Speed
Normal
Resources
Standard
Victory
Conquest
Starting age
Dark Age
Ending age
Imperial Age
RankedLock teamsTeams togetherTeam positionsShared explorationLock speedFull tech treeHidden civsTurbo modeCheats
Victory
Defeat
🇨🇳 Mongols · China
1321
+14
🇧🇷 Koreans · Brazil
1295
+16
🇹🇷 Huns · Türkiye
1205
+20
🇭🇰 Poles · Hong Kong SAR China
1196
+20
🇫🇮 Malians · Finland
1353
-20
🇺🇸 Byzantines · United States
1300
-18
🇫🇷 Huns · France
1282
-17
🇩🇪 Vietnamese · Germany
1216
-14
MineirodeOuro
3:55 Loom
Ikill-you2827
15:01 Feudal Age
15:18 Loom
15:59 Double-Bit Axe
20:58 Castle Age
19:58 Scale Mail Armor
20:04 Scale Barding Armor
20:29 Bloodlines
21:21 Gold Mining
22:52 Chain Barding Armor
22:37 Husbandry
Green Assassin
5:13 Loom
15:45 Feudal Age
16:48 Double-Bit Axe
19:09 Wheelbarrow
22:32 Castle Age
20:37 Fishing Lines
21:36 Gold Mining
22:39 Fletching
engarvi
9:47 Loom
18:06 Feudal Age
18:09 Man-at-Arms
23:28 Castle Age
21:22 Gold Mining
CorumluTony
9:58 Loom
12:08 Feudal Age
12:51 Double-Bit Axe
15:13 Scale Barding Armor
18:10 Forging
24:45 Castle Age
22:52 Fletching
人生😈百态
6:00 Loom
12:38 Feudal Age
16:49 Castle Age
17:07 Fletching
17:52 Double-Bit Axe
19:39 Bow Saw
别忘了喝醉
7:20 Loom
14:42 Feudal Age
22:46 Castle Age
22:42 Bloodlines
Furatripa
3:15 Loom
13:45 Feudal Age
15:05 Double-Bit Axe
18:15 Castle Age
17:02 Horse Collar
Connection lost

Rejoining the realm…

Still unreachable

The connection could not be restored.

Session expired

The server has moved on; the page needs a fresh start.